 Dungeon Crawl Stone Soup version 0.28.0-43-g3370ac3207 (webtiles) character file.

Game seed: 6679604179979499136

883 pkoi the Insei (level 8, -4/52 HPs)
             Began as an Octopode Monk on Mar 17, 2022.
             Slain by an ice beast (12 damage)
             ... on level 5 of the Dungeon.
             The game lasted 00:06:35 (7243 turns).

pkoi the Insei (Octopode Monk)                      Turns: 7243, Time: 00:06:36

Health: -4/52      AC:  1    Str: 10    XL:     8   Next: 5%
Magic:  12/12      EV: 14    Int: 14    God:
Gold:   208        SH:  0    Dex: 15    Spells: 9/13 levels left

rFire   . . .      SeeInvis .     - Unarmed
rCold   . . .      Faith    .   (no shield)
rNeg    . . .      Spirit   .   (helmet currently unavailable)
rPois   .          Reflect  .   (no amulet)
rElec   .          Harm     .   (no ring)
rCorr   .          Rampage  .   (no ring)
Will    .....                   (no ring)
Stlth   ++++......              (no ring)
HPRegen 0.17/turn               (no ring)
MPRegen 0.13/turn               (no ring)
                                (no ring)
                                (no ring)

@: appendages
A: tentacle spike 3, almost no armour, amphibious, 8 rings, camouflage 1,
gelatinous body 1, (nimble swimmer 1), tentacles
a: End Transformation


You were on level 5 of the Dungeon.
One of your tentacles had grown a beastly spike.
You visited 1 branch of the dungeon, and saw 5 of its levels.

You collected 208 gold pieces.

Inventory:

Hand Weapons
 a - a +0 dagger
 f - a +1 hunting sling of freezing
 k - a +0 rapier
 l - a +1 dagger of speed
Missiles
 c - 13 poisoned darts
 g - 2 curare-tipped darts
 n - 2 throwing nets
Wands
 m - a wand of iceblast (6)
Potions
 b - a potion of haste
 d - 2 potions of curing {unknown}
 e - a potion of attraction
 h - 2 potions of brilliance {unknown}
 i - 2 potions of heal wounds
 j - a potion of lignification {unknown}
 o - 2 potions of magic


   Skills:
 - Level 3.0 Fighting
 - Level 3.0 Dodging
 - Level 4.0 Stealth
 * Level 6.7 Unarmed Combat
 - Level 3.0 Spellcasting
 + Level 4.3 Transmutations
 + Level 1.7 Poison Magic


You had 9 spell levels left.
You knew the following spells:

 Your Spells              Type           Power      Damage    Failure   Level
a - Beastly Appendage     Tmut           28%        N/A       3%          1
b - Spider Form           Tmut/Pois      10%        N/A       19%         3

Your spell library contained the following spells:

 Spells                   Type           Power      Damage    Failure   Level
 Wereblood                Tmut           14%        N/A       5%          2
 Foxfire                  Conj/Fire      8%         2x1d4     22%         1
 Pain                     Necr           8%         1d4       22%         1
 Conjure Flame            Conj/Fire      2%         6-21      54%         3
 Inner Flame              Hex/Fire       2%         N/A       54%         3
 Animate Dead             Necr           1%         N/A       91%         4
 Flame Wave               Conj/Fire      2%         2d4       91%         4
 Agony                    Necr           2%         N/A       99%         5
 Borgnjor's Vile Clutch   Necr/Erth      1%         N/A       99%         5
 Excruciating Wounds      Necr           1%         N/A       99%         5
 Death Channel            Necr           1%         N/A       100%        6


Dungeon Overview and Level Annotations

Branches:
Dungeon (5/15)
 Temple: D:4-7

Altars:

Shops:
D:1 (

Annotations:
D:2 1 runed translucent door, Crazy Yiuf, Sigmund


Innate Abilities, Weirdness & Mutations

One of your tentacles has grown a beastly spike.
You cannot wear most types of armour.
You are amphibious.
You can wear up to eight rings at the same time.
Your skin changes colour to match your surroundings (Stealth+).
Your rubbery body absorbs attacks. (AC +1, EV +1)
((You are camouflaged when in or above water. (Stealth+)))
You have tentacles for arms and can constrict up to eight enemies at once.


Message History

The ice beast freezes you!
* * * LOW HITPOINT WARNING * * *
You tentacle-slap the ice beast but do no damage.
Your tentacle spike misses the ice beast.
The ice beast closely misses you.
You closely miss the ice beast.
You pierce the ice beast.
The ice beast is lightly wounded.
The ice beast closely misses you.
You tentacle-slap the ice beast but do no damage.
You pierce the ice beast, but do no damage.
The ice beast is lightly wounded.
You tentacle-slap the ice beast.
The ice beast is lightly wounded.
The ice beast barely misses you.
Unknown command.
You closely miss the ice beast.
You pierce the ice beast, but do no damage.
The ice beast is lightly wounded.
The ice beast hits you but does no damage.
Unknown command.
You tentacle-slap the ice beast.
You pierce the ice beast, but do no damage.
Your tentacle-slap misses the ice beast.
Your squeeze misses the ice beast.
The ice beast is moderately wounded.
The ice beast hits you.
* * * LOW HITPOINT WARNING * * *
The ice beast freezes you!
* * * LOW HITPOINT WARNING * * *
You tentacle-slap the ice beast but do no damage.
Your tentacle-slap misses the ice beast.
The ice beast is moderately wounded.
The ice beast closely misses you.
Unknown command.
You barely miss the ice beast.
The ice beast is moderately wounded.
The ice beast hits you.
* * * LOW HITPOINT WARNING * * *
The ice beast freezes you!
You die...

..........### ............#.#
............#.#
............#.# .
............#.# .
............#.# .
..............##### #
#....#Y#.....#.(.# # #..
#@#.....#...###.## #
#.##...##...#....#
####'##...##...# ...#
####...(..........# ...
####..≈.....≈....##### #..
#.........≈...≈..#≈≈#####..
##....≈.≈..≈.≈...##≈###.##..
###≈≈≈≈..≈≈.≈≈≈≈.≈≈≈≈≈# #.##..
#≈≈≈≈≈.≈≈≈≈≈≈≈.≈.≈≈≈≈####...†.


You could see an ice beast.

Vanquished Creatures
  2 yaks (D:4)
  An ogre (D:4)
  A bullfrog (D:4)
  A jelly (D:5)
  2 bullfrog skeletons
  2 iguanas (D:4)
  An orc wizard (D:3)
  12 gnolls
  A howler monkey skeleton (D:5)
  7 adders
  A worm (D:3)
  A dart slug (D:1)
  8 orcs
  6 ball pythons
  4 bats
  4 endoplasms
  4 giant cockroaches
  10 goblins
  7 hobgoblins
  6 jackals
  4 quokkas (D:1)
  5 frilled lizards
  10 kobolds
  4 rats
104 creatures vanquished.

Vanquished Creatures (others)
  4 demonic plants (D:1)
  A fungus (D:1)
  17 plants (D:2)
  A withered plant (D:1)
23 creatures vanquished.

Grand Total: 127 creatures vanquished

Notes
Turn   | Place    | Note
-------+----------+-------------------------------------------
     0 | D:1      | pkoi the Octopode Monk began the quest for the Orb.
     0 | D:1      | Reached XP level 1. HP: 16/16 MP: 1/1
   248 | D:1      | Reached XP level 2. HP: 14/21 MP: 2/2
  1002 | D:1      | Found Borchotiy's Weapon Emporium.
  1058 | D:1      | Found a faded altar of an unknown god.
  1070 | D:1      | Reached skill level 4 in Unarmed Combat
  1165 | D:1      | Reached XP level 3. HP: 26/26 MP: 3/3
  2209 | D:2      | Noticed Sigmund
  2295 | D:2      | Reached XP level 4. HP: 31/31 MP: 4/4
  2303 | D:2      | Learned a level 1 spell: Beastly Appendage
  2381 | D:2      | Found a runed translucent door.
  2382 | D:2      | Noticed Crazy Yiuf
  3248 | D:3      | Reached skill level 5 in Unarmed Combat
  3300 | D:3      | Reached XP level 5. HP: 18/36 MP: 4/6
  3304 | D:3      | Reached skill level 1 in Transmutations
  3524 | D:3      | Reached skill level 1 in Spellcasting
  4358 | D:4      | Reached XP level 6. HP: 41/42 MP: 6/8
  5703 | D:4      | Reached XP level 7. HP: 27/46 MP: 8/10
  6302 | D:5      | Entered Level 5 of the Dungeon
  6353 | D:5      | Reached skill level 6 in Unarmed Combat
  6423 | D:5      | Noticed a yak
  6423 | D:5      | Noticed a yak
  6423 | D:5      | Noticed a yak
  6427 | D:5      | Noticed a yak
  6438 | D:4      | Killed a yak
  6534 | D:4      | Learned a level 3 spell: Spider Form
  6720 | D:4      | Killed a yak
  6721 | D:4      | Reached skill level 1 in Poison Magic
  7193 | D:5      | Reached XP level 8. HP: 52/52 MP: 12/12
  7243 | D:5      | Slain by an ice beast

Illustrated notes

Levels and vault maps discovered:
D:1:      eino_arrival_tree_alley, layout_loops_ring, serial_shops,
          nicolae_shop_bloodbath_and_beyond, shapermc_ecumenical_altar_gd
D:2:      layout_loops_ring, basic_altar, chequers_serial_rivers_micro_d,
          nicolae_grassy_gnolls, uniq_crazy_yiuf_cottage, uniq_sigmund
D:3:      layout_loops_ring, minmay_surrounded
D:4:      layout_layer_cave
D:5:      layout_basic, serial_rivers, chequers_serial_rivers_large_b,
          chequers_serial_rivers_micro_b, chequers_serial_rivers_small_b,
          chequers_serial_rivers_marsh, chequers_serial_rivers_small_3

Skill      XL: |  1  2  3  4  5  6  7 |
---------------+----------------------+-----
Unarmed Combat | 4 5 6 |  6.7
Stealth        | 3 4 |  4.0
Transmutations | 1 2 4 |  4.3
Spellcasting   | 1 2 3 |  3.0
Poison Magic   | 1 |  1.7
Fighting       | |  3.0
Dodging        | |  3.0

Action                   |  1- 3 |  4- 6 |  7- 9 || total
-------------------------+-------+-------+-------++-------
Melee: Unarmed           |    66 |   108 |    48 ||   222
       Constrict         |    21 |    29 |     9 ||    59
       Tentacles         |     8 |    35 |    16 ||    59
       Punch             |     2 |     5 |     1 ||     8
       Kick              |       |    15 |    15 ||    30
Throw: Dart              |       |     4 |       ||     4
 Cast: Beastly Appendage |       |    11 |     5 ||    16
  Use: Scroll            |     3 |     4 |       ||     7
 Stab: Sleeping          |    13 |     8 |     2 ||    23
Armor: Skin              |     4 |     2 |     5 ||    11
Dodge: Dodged            |    32 |    70 |    22 ||   124
